 Dungeon Sprint DCSS version 0.29-a0-1027-gcd8c55af63 (webtiles) character file.

Game seed: 3797340927966426104

6562 mhtbhm the Imperceptible (level 10, 0/51 HPs)
             Began as a Spriggan Brigand on Aug 12, 2022.
             Was the Champion of Dithmenos.
             Succumbed to a cane toad's poison
             ... in the Dungeon (Sprint III: "The Ten Rune Challenge").
             The game lasted 00:07:30 (2021 turns).

mhtbhm the Imperceptible (Spriggan Brigand)         Turns: 2021, Time: 00:07:30

Health: 0/51       AC:  5    Str:  7    XL:     10   Next: 70%
Magic:  18/18      EV: 20    Int: 12    God:    Dithmenos [******]
Gold:   1983       SH:  0    Dex: 22    Spells: 9/9 levels left

rFire   + . .      SeeInvis +   a - +2 dagger
rCold   + . .      Faith    .   (no shield)
rNeg    . . .      Spirit   .   b - +2 robe {rC+ rF+}
rPois   .          Reflect  .   (helmet restricted)
rElec   .          Harm     .   c - +0 cloak
rCorr   .          Rampage  .   (gloves unavailable)
Will    +....      NoTele   +   (boots unavailable) Stlth *******+++
                                (no amulet)
HPRegen 0.97/turn               (no ring)
MPRegen 0.16/turn               (no ring)

@: lethally poisoned (0 -> -7), wreathed by umbra, very quick
A: very small, no large weapons, unfitting armour, see invisible, speed 3,
regeneration 1
a: Renounce Religion, Shadow Step, Shadow Form


You were in the Dungeon.
You worshipped Dithmenos.
Dithmenos was exalted by your worship.
You visited 1 branch You collected 1983 gold pieces.

Inventory:

Hand Weapons
 a - a +2 dagger (weapon)
Missiles
 d - a poisoned dart (quivered)
 e - 8 curare-tipped darts
Armour
 b - a +2 robe of resistance (worn)
 c - a +0 cloak (worn)
Scrolls
 k - a scroll of blinking
 l - a scroll of amnesia {unknown}
 n - a scroll of identify {unknown}
 p - a scroll of vulnerability {unknown}
Potions
 h - a potion of haste
 i - 2 potions of magic
 o - 2 potions of flight {unknown}
 q - 3 potions of mutation
Miscellaneous
 j - a piece from Xom's chessboard (15/15)


   Skills:
 + Level 4.8 Fighting
 + Level 9.6 Short Blades
 + Level 11.9 Throwing
 + Level 4.5 Dodging
 + Level 25.7 Stealth
 * Level 10.6 Invocations
 + Level 5.4 Evocations


You had 9 spell levels left.
You didn't know any spells.
Your spell library contained the following spells:

 Spells                   Type           Power      Damage    Failure   Level
 Summon Small Mammal      Summ           0%         N/A       32%         1
 Call Canine Familiar     Summ           0%         N/A       69%         3
 Summon Guardian Golem    Hex/Summ       0%         N/A       69%         3


Dungeon Overview and Level Annotations

Branches:
Dungeon (1/1)

Altars:
Cheibriados
Dithmenos
Elyvilon
Fedhas
Gozag
Hepliaklqana
Kikubaaqudgha
Makhleb
Nemelex Xobeh
Okawaru
Qazlal
Ru
Sif Muna
Trog
Uskayaw
Vehumet
Wu Jian
Xom
Yredelemnul
Zin
The Shining One
Jiyva
Lugonu

Shops:
D *[=!([=:(:(?

Annotations:
D exclusion: orange crystal statue


Innate Abilities, Weirdness & Mutations

You are very small and have problems with some larger weapons.
You are too small for most types of armour.
You have supernaturally acute eyesight. (SInv)
You cover ground extremely quickly. (Speed+++)
Your natural rate of healing is unusually fast.


Message History

The cane toad stings you!
You are poisoned.
The cane toad poisons you!
You hit the cane toad.
The cane toad is almost dead.
You feel very sick.
You hit the cane toad.
The cane toad is almost dead.
You feel very sick. The cane toad stings you!
* * * LOW HITPOINT WARNING * * *
You emit a cloud of dark smoke.
You are more poisoned.
The cane toad poisons you!
You feel much better.
You feel extremely sick. The cane toad stings you!
Unknown command.
* * * LOW HITPOINT WARNING * * *
You feel very sick.
Things that are here:
a +0 giant club; a +0 giant spiked club
* * * LOW HITPOINT WARNING * * *
You feel very sick.
Things that are here:
a +0 giant spiked club; a +0 giant club
* * * LOW HITPOINT WARNING * * *
You feel very sick.
Really quaff the potion of mutation?
You feel extremely strange.
You feel resistant to heat.
* * * LOW HITPOINT WARNING * * *
You feel very sick. The cane toad completely misses you.
Unknown command.
Really quaff the potion of mutation?
You feel extremely strange.
You no longer feel heat resistant.
You feel stupid.
You begin to heal more quickly.
You feel clever.
You die...

.#___#___#__#.∩#####...+
.#)..#__)#._#.).).)....#
.###'#'###'##..)).)..###
.#..........#))))))....#
.'.⌠........#)#))#######
.#...######'#)####
.#.⌠.#__#...#'###################
.#...#__#...#....#§#§#).)(.#.....
.#'###__#...##.#@F#§##.###(#...^.
.#.))#__#...'##.#.#§##.#..##^..^^
.#___#__'...#)..#.§#§.##..'.^...^
▓▓▓▓▓▓▓▓▓▓▓▓▓▓▓▓▓▓▓▓▓▓▓▓▓▓#......
♣♣~~~........~~FF..#l.....
+♣♣'♣≈≈≈≈≈≈≈≈≈≈≈≈♣♣P.'.^....
#.~♣♣♣♣♣♣♣♣♣♣♣♣♣♣♣♣PP#..^... #..♣
♣♣♣##'#### ###+ #...'.≈


You could see a cane toad.

Vanquished Creatures
  Harold (D)
  Erolcha (D)
  Joseph (D)
  A deep elf pyromancer (D)
  4 orc high priests (D)
  A shadow (D)
  2 redbacks (D)
  A spatial vortex (D)
  3 wandering mushrooms (D)
  An orc warrior (D)
  5 two-headed ogres (D)
  A water elemental (D)
  A necrophage (D)
  A scorpion (D)
  6 orc priests (D)
  A jelly (D)
  A necromancer (D)
  2 orc wizards (D)
  A wizard (D)
  3 humans (D)
  A kobold demonologist (D)
  9 orcs (D)
  2 endoplasms (D)
  2 rats (D)
52 creatures vanquished.

Vanquished Creatures (others)
  4 plants (D)
4 creatures vanquished.

Grand Total: 56 creatures vanquished

Notes
Turn   | Place    | Note
-------+----------+-------------------------------------------
     0 | D        | mhtbhm the Spriggan Brigand began the quest for the Orb.
     0 | D        | Reached XP level 1. HP: 10/10 MP: 2/2
    10 | D        | Reached skill level 6 in Stealth
    12 | D        | Reached skill level 7 in Stealth
    71 | D        | Reached skill level 9 in Stealth
    71 | D        | Reached XP level 2. HP: 15/15 MP: 3/3
    96 | D        | Noticed a scorpion
   118 | D        | Killed a scorpion
   119 | D        | Reached skill level 12 in Stealth
   119 | D        | Reached XP level 3. HP: 18/18 MP: 4/4
   119 | D        | Reached XP level 4. HP: 23/23 MP: 5/5
   146 | D        | Noticed a water elemental
   149 | D        | Killed a water elemental
   150 | D        | Reached skill level 13 in Stealth
   150 | D        | Reached XP level 5. HP: 27/27 MP: 6/6
   187 | D        | Found a shadowy altar of Dithmenos.
   195 | D        | Reached skill level 5 in Throwing
   195 | D        | Reached skill level 15 in Stealth
   330 | D        | Found a basalt altar of Yredelemnul.
   330 | D        | Found a sacrificial altar of Ru.
   337 | D        | Became a worshipper of Dithmenos the Shadowed
   351 | D        | Found a radiant altar of Vehumet.
   352 | D        | Found a shimmering blue altar of Sif Muna.
   352 | D        | Found an ancient bone altar of Kikubaaqudgha.
   356 | D        | Reached skill level 16 in Stealth
   356 | D        | Reached skill level 1 in Invocations
   356 | D        | Reached XP level 6. HP: 32/32 MP: 7/7
   368 | D        | Found a glowing silver altar of Zin.
   369 | D        | Found a glowing golden altar of the Shining One.
   369 | D        | Found a white marble altar of Elyvilon.
   369 | D        | Noticed a deep elf pyromancer
   371 | D        | Killed a deep elf pyromancer
   371 | D        | Reached * piety under Dithmenos
   372 | D        | Reached skill level 5 in Short Blades
   372 | D        | Reached skill level 19 in Stealth
   372 | D        | Reached XP level 7. HP: 36/36 MP: 7/11
   409 | D        | Found a hide-covered altar of Uskayaw.
   409 | D        | Found an iron altar of Okawaru.
   410 | D        | Found a bloodstained altar of Trog.
   410 | D        | Found an ornate altar of the Wu Jian Council.
   410 | D        | Noticed a human
   410 | D        | Noticed a human
   603 | D        | Killed a human
   604 | D        | Reached skill level 5 in Invocations
   615 | D        | Killed a human
   616 | D        | Reached skill level 20 in Stealth
   710 | D        | Noticed a shadow
   712 | D        | Killed a shadow
   712 | D        | Reached ** piety under Dithmenos
   713 | D        | Reached XP level 8. HP: 40/40 MP: 13/13
   718 | D        | Found a blossoming altar of Fedhas.
   718 | D        | Found a stormy altar of Qazlal.
   719 | D        | Found a snail-covered altar of Cheibriados.
   719 | D        | Found a burning altar of Makhleb.
   719 | D        | Found a hazy altar of Hepliaklqana.
   719 | D        | Found a shimmering altar of Xom.
   719 | D        | Found an opulent altar of Gozag.
   719 | D        | Found a sparkling altar of Nemelex Xobeh.
   719 | D        | Found a corrupted altar of Lugonu.
   719 | D        | Found a viscous altar of Jiyva.
   741 | D        | Reached skill level 21 in Stealth
   742 | D        | Reached *** piety under Dithmenos
   754 | D        | Noticed a two-headed ogre
   756 | D        | Killed a two-headed ogre
   793 | D        | Noticed a two-headed ogre
   793 | D        | Noticed Erolcha
   841 | D        | Killed a two-headed ogre
   842 | D        | Reached skill level 22 in Stealth
   842 | D        | Reached XP level 9. HP: 45/45 MP: 15/15
   876 | D        | Killed Erolcha
   877 | D        | Reached skill level 23 in Stealth
   926 | D        | Reached **** piety under Dithmenos
   927 | D        | Reached skill level 10 in Throwing
  1004 | D        | Noticed a wandering mushroom
  1008 | D        | Noticed a wandering mushroom
  1010 | D        | Noticed a wandering mushroom
  1077 | D        | Reached skill level 1 in Evocations
  1389 | D        | Noticed Joseph
  1390 | D        | Noticed Harold
  1391 | D        | Killed Joseph
  1392 | D        | Killed Harold
  1393 | D        | Reached skill level 24 in Stealth
  1393 | D        | Reached XP level 10. HP: 47/51 MP: 12/18
  1438 | D        | Reached skill level 10 in Invocations
  1468 | D        | Noticed an orange crystal statue
  1479 | D        | Found Wagyun's Jewellery Emporium.
  1479 | D        | Found Riril's Book Shop.
  1479 | D        | Found Fareun's Magic Scroll Shoppe.
  1479 | D        | Found Lesuot's Antique Armour Boutique.
  1479 | D        | Found Intetidd's Weapon Shop.
  1479 | D        | Found Qimol's Book Emporium.
  1479 | D        | Found Gabb's Antique Weapon Boutique.
  1480 | D        | Found Vurae's Antique Weapon Boutique.
  1480 | D        | Found Tygg's Distillery.
  1480 | D        | Found Qymowk's Jewellery Shop.
  1480 | D        | Found Horam's Antique Armour Emporium.
  1609 | D        | Found Kitiujot's Assorted Antiques.
  1610 | D        | Noticed an orc high priest
  1611 | D        | Noticed an orc high priest
  1617 | D        | Reached ***** piety under Dithmenos
  1617 | D        | Killed an orc high priest
  1617 | D        | Killed an orc high priest
  1617 | D        | Reached ****** piety under Dithmenos
  1618 | D        | Reached skill level 25 in Stealth
  1618 | D        | Reached skill level 5 in Evocations
  1955 | D        | Noticed a cane toad
  1955 | D        | Noticed a cane toad
  2015 | D        | HP: 2/51 [cane toad (15)]
  2020 | D        | Gained mutation: Your flesh is heat resistant. (rF+)
                  | [potion of mutation]
  2020 | D        | HP: 2/51 [poisoned by a cane toad]
  2021 | D        | Lost mutation: Your flesh is heat resistant. (rF+) [potion
                  | of mutation]
  2021 | D        | Gained mutation: You are dopey. (Int -2) [potion of
                  | mutation]
  2021 | D        | Gained mutation: Your natural rate of healing is unusually
                  | fast. [potion of mutation]
  2021 | D        | Lost mutation: You are dopey. (Int -2) [potion of mutation]
  2021 | D        | Succumbed to a cane toad's poison

Illustrated notes

Levels and vault maps discovered:
D:        dungeon_sprint_mu [sprint_mu_entry_cave, sprint_mu_temple_rooms,
          sprint_mu_d1_spiders, sprint_mu_d2_genie, sprint_mu_d3_branching,
          sprint_mu_orc_legion, sprint_mu_elf_gauntlet, sprint_mu_hive_nellie,
          sprint_mu_lair_fedhas, sprint_mu_vaults_butterflies,
          sprint_mu_slime_circle, sprint_mu_shoals_kraken,
          sprint_mu_snake_twists, sprint_mu_blade_basic,
          sprint_mu_crypt_fortress, sprint_mu_tomb_spiral,
          sprint_mu_vestibule_basic, sprint_mu_gehenna_hellfire,
          sprint_mu_dis_giant, sprint_mu_tartarus_statrot,
          sprint_mu_cocytus_islands, sprint_mu_zot1]

Skill      XL: |  1  2  3  4  5  6  7  8  9 10 |
---------------+-------------------------------+-----
Stealth        | 9 12 13 16 19 20 22 24 25 | 25.7
Fighting       | 2 3 4 |  4.8
Short Blades   | 3 4 5 6 7 9 |  9.6
Throwing       | 3 4 5 7 8 9 11 | 11.9
Invocations    | 1 4 5 7 9 10 | 10.6
Dodging        | 2 3 4 |  4.5
Evocations     | 3 5 |  5.4

Action                   |  1- 3 |  4- 6 |  7- 9 | 10-12 || total
-------------------------+-------+-------+-------+-------++-------
Melee: Dagger            |     6 |    10 |    73 |    40 ||   129
       Punch             |       |       |     1 |     1 ||     2
Throw: Dart              |    13 |       |    34 |    10 ||    57
Invok: Shadow Step       |       |       |     3 |     1 ||     4
Evoke: Piece from Xom's  |       |       |    11 |       ||    11
  Use: Potion            |       |     1 |     1 |     4 ||     6
       Scroll            |       |       |       |     2 ||     2
 Stab: Sleeping          |     3 |     5 |    10 |     4 ||    22
       Distracted        |       |       |     1 |       ||     1
Armor: Robe              |       |       |     1 |     1 ||     2
Dodge: Dodged            |     4 |     3 |    34 |    17 ||    58

Table legend: (Time is in decaauts)
 A = Elapsed time spent in this place.
 B = Non-inter-level travel time spent in this place.
 C = Inter-level travel time spent in this place.
 D = Time resting spent in this place.
 E = Time spent auto-exploring this place.
 F = Levels seen in this place.
 G = Mean time per level.
                   A        B        C        D        E       F      G
               +--------+--------+--------+--------+--------+-----+--------+
         Total |   1655 |   1655 |      0 |    856 |    121 |   1 | 1655.0 |
       Dungeon |   1655 |   1655 |      0 |    856 |    121 |   1 | 1655.0 |
               +--------+--------+--------+--------+--------+-----+--------+

Top non-repeatable levels by time:
       D: 1655 daAuts
